 Dungeon Crawl Stone Soup version 0.24-a0-378-g94936e539c (webtiles) character file.

Game seed: 5533068420249140578

19 D1HalberdGnoll the Bolt Thrower (level 2, 0/24 HPs)
             Began as a Kobold Arcane Marksman on June 1, 2019.
             Succumbed to an adder's poison
             ... on level 2 of the Dungeon.
             The game lasted 00:01:04 (901 turns).

D1HalberdGnoll the Bolt Thrower (KoAM)               Turns: 901, Time: 00:01:05

Health: 0/24       AC:  4    Str: 11 (12) XL:     2   Next: 95%
Magic:  3/3        EV: 20    Int: 12 (14) God:
Gold:   83         SH:  0    Dex: 17 (20) Spells: 2/3 levels left

rFire    . . .     SeeInvis .   b - +0 mace
rCold    . . .     Gourm    .   (shield restricted)
rNeg     . . .     Faith    .   g - +0 leather armour
rPois    .         Spirit   .   (no helmet)
rElec    .         Reflect  .   (no cloak)
rCorr    .         Harm     .   (no gloves)
MR       .....                  e - +0 pair of boots
Stlth    ..........             (no amulet)
HPRegen  0.08/turn              (no ring)
MPRegen  0.08/turn              (no ring)

@: agile, berserking, lethally poisoned (0 -> -14), very quick
A: small, carnivore
a: no special abilities


You were on level 2 of the Dungeon.
You were not hungry.

You visited 1 branch of the dungeon, and saw 2 of its levels.

You collected 83 gold pieces.

Inventory:

Hand Weapons
 a - a +0 hand crossbow
 b - a +0 mace (weapon)
Missiles
 d - 27 bolts
Armour
 e - a +0 pair of boots (worn)
 g - a +0 leather armour (worn)
Scrolls
 c - 3 scrolls of identify {unknown}
 k - 2 scrolls of remove curse {unknown}
Comestibles
 f - 4 rations


   Skills:
 + Level 1.5 Fighting
 * Level 3.1 Crossbows
 + Level 2.7 Dodging
 + Level 1.2 Stealth
 - Level 1.1 Spellcasting
 - Level 3.0 Hexes


You had 2 spell levels left.
You knew the following spells:

 Your Spells              Type           Power        Failure   Level  Hunger
a - Corona                Hex            #......      12%         1    ##.....

Your spell library contained the following spells:

 Spells                   Type           Power        Failure   Level  Hunger
 Slow                     Hex            #.......     17%         2    ###....
 Inner Flame              Hex/Fire       #.......     54%         3    ####...
 Portal Projectile        Hex/Tloc       #.....       54%         3    ####...
 Cause Fear               Hex            #.........   75%         4    #####..
 Leda's Liquefaction      Hex/Erth       #.........   91%         4    #####..


Dungeon Overview and Level Annotations

Branches:
Dungeon (2/15)

Altars:


Innate Abilities, Weirdness & Mutations

You are small and have problems with some larger weapons.
You are carnivorous and can eat meat at any time.


Message History

It was a potion of degeneration.
There was something very wrong with that liquid.
You feel weakened.
You feel dopey.
You feel clumsy.
* * * LOW HITPOINT WARNING * * *
You feel sick. The adder closely misses you. x2
It was a potion of berserk rage.
A red film seems to cover your vision as you go berserk!
You feel yourself moving faster!
You feel mighty!
* * * LOW HITPOINT WARNING * * *
You feel sick. The adder barely misses you.
You closely miss the adder.
The adder is severely wounded.
* * * LOW HITPOINT WARNING * * *
You feel sick. The adder closely misses you.
You closely miss the adder.
The adder is severely wounded.
The adder misses you.
You miss the adder.
The adder is severely wounded.
You die...

##.## .#####
##...##.#.((.
###.....#....#
#......%......
##.#.........
.........(.#
#....S..#.###
#..<@.......
##.##.......
#. <..##.# #.
..... #.
...##.# #.
...# . .. .#.#
#. .#.#


You could see an adder.

Vanquished Creatures
  2 dart slugs (D:1)
  A ball python (D:1)
  2 goblins (D:1)
  4 hobgoblins (D:1)
  3 bats (D:1)
  3 rats
15 creatures vanquished.

Notes
Turn   | Place    | Note
-------+----------+-------------------------------------------
     0 | D:1      | D1HalberdGnoll the Kobold Arcane Marksman began the quest
                  | for the Orb.
     0 | D:1      | Reached XP level 1. HP: 12/12 MP: 2/2
   223 | D:1      | Reached XP level 2. HP: 16/16 MP: 3/3
   282 | D:1      | Reached skill level 1 in Stealth
   899 | D:2      | HP: 1/24 [poisoned by an adder]
   901 | D:2      | Succumbed to an adder's poison

Levels and vault maps discovered:
D:1:      wander_arrival_lonely_grave, layout_loops_corners
D:2:      layout_loops_ring

Skill      XL: |  1  2 |
---------------+-------+-----
Stealth        | 1 |  1.2
Crossbows      | 3 |  3.1
Fighting       | |  1.5
Dodging        | |  2.7
Spellcasting   | |  1.1
Hexes          | |  3.0

Action                   || total
-------------------------++-------
Melee: Mace              ||     6
 Fire: Hand crossbow     ||    54
  Use: Potion            ||     4
Armor: Leather armour    ||     5
Dodge: Dodged            ||    25

Table legend:
 A = Non-vault XP
 B = Vault XP
 C = Vault XP percentage of total XP
 D = Non-vault monster count
 E = Vault monster count
 F = Vault count percentage of total count
                 A         B        C        D         E       F
            +---------+---------+-------+---------+---------+-------
      Total |      28 |       0 |   0.0 |      15 |       0 |   0.0
            +---------+---------+-------+---------+---------+-------
        D:1 |      27 |       0 |   0.0 |      14 |       0 |   0.0
        D:2 |       1 |       0 |   0.0 |       1 |       0 |   0.0
            +---------+---------+-------+---------+---------+-------
